 Dungeon Crawl Stone Soup version 0.19.4 (webtiles) character file.

1059922 Goblin1989 the Petrodigitator (level 27, -1/271 HPs)
             Began as a Deep Dwarf Earth Elementalist on Jan 16, 2017.
             Was the Champion of Makhleb.
             Slain by an Executioner (26 damage)
             ... on level 21 of a ziggurat on Feb 4, 2017.
             The game lasted 19:36:08 (126758 turns).

Goblin1989 the Petrodigitator (DDEE)              Turns: 126758, Time: 19:36:08

Health: -1/271     AC: 31    Str: 14      XL:     27
Magic:  6/58       EV: 35    Int: 35      God:    Makhleb [******]
Gold:   9641       SH: 15    Dex: 21 (22) Spells: 10 memorised, 3 levels left

rFire  + + +     SeeInvis +     a - staff of energy {!a!a, !d, @w1}
rCold  + + .     Gourm    .     r - +5 steam dragon scales
rNeg   + + +     Faith    .     K - +1 shield of Greed {*Drain rElec rC+ rN+}
rPois  ∞         Spirit   .     A - +2 helmet {Int+3}
rElec  +         Reflect  .     C - +2 cloak {+Inv}
rCorr  .         Harm     .     t - +2 pair of gloves {Dex+3}
MR     +++++                    v - +2 pair of boots {Fly}
Stlth  +.........               X - amulet "Mial" {RegenMP Str+4 SInv}
                                m - ring "Girucali" {rPois rF+ MP+9 Str-2 Int+4}
                                P - ring of the Present {Wiz MR++ Int+3, =R}

@: lich-form, weakened, sap magic, flying, contaminated, non-regenerating,
hasted, glowing, very magic sapped, very quick
A: damage resistance, recharge devices, repulsion field 1, thin skeletal
structure 1, yellow scales 1, agile 2, blink, dopey 1, fire resistance 2,
negative energy resistance 1, sense surroundings 3, poison resistance, slow
regeneration 3, weak 1, wild magic 1
a: Device Recharging, End Transformation, Blink, Minor Destruction, Lesser
Servant of Makhleb, Major Destruction, Greater Servant of Makhleb, Renounce
Religion, Evoke Invisibility, Stop Flying
}: 5/15 runes: decaying, serpentine, slimy, silver, abyssal


You were on level 21 of a ziggurat.
You worshipped Makhleb.
Makhleb was exalted by your worship.
You were not hungry.
You were a lich.
You visited 12 branches of the dungeon, and saw 58 of its levels.
You visited the Abyss 2 times.
You visited 2 ziggurats (completing 1), and saw 48 of their levels.
You also visited: Labyrinth, Ice Cave and Wizlab.

You collected 13009 gold pieces.
You spent 3368 gold pieces at shops.

Inventory:

Hand Weapons
 b - the +2 falchion of Qisuanan {drain, *Slow rF- rN+++ Int+8}
   (You found it on level 3 of the Elven Halls)

   A truly terrible weapon, it drains the life of those it strikes.
   It affects your intelligence (+8).
   It makes you vulnerable to fire.
   It renders you almost immune to negative energy.
   It may slow you when you take damage.
 z - the +4 arc blade {discharge, rElec}
   (You found it on level 13 of a ziggurat)

   It insulates you from electricity.
 S - the +8 glaive of the Guard {elec, +Rage AC+5 SInv}
   (You found it on level 17 of a ziggurat)

   Occasionally, upon striking a foe, it will discharge some electrical energy
   and cause terrible harm.
   It affects your AC (+5).
   It lets you see invisible.
   It lets you go berserk.
Missiles
 o - 15 javelins of penetration (quivered)
Armour
 c - the +0 pair of fencer's gloves {+Riposte Dex+3}
   (You found it on level 17 of a ziggurat)

   It affects your dexterity (+3).
 h - the +2 ratskin cloak {rPois rN+ Int-1 Dex-1}
   (You found it on level 9 of a ziggurat)

   It affects your intelligence (-1).
   It affects your dexterity (-1).
   It protects you from poison.
   It protects you from negative energy.
 r - +5 steam dragon scales (worn)
 t - a +2 pair of gloves of dexterity (worn)
 v - a +2 pair of boots of flying (worn)
 A - a +2 helmet of intelligence (worn)
 C - a +2 cloak of invisibility (worn)
 K - the +1 shield of Greed (worn) {*Drain rElec rC+ rN+}
   (You found it in a labyrinth)

   It protects you from cold.
   It insulates you from electricity.
   It protects you from negative energy.
   It causes draining when unequipped.
 Z - the +4 skin of Zhor {rC+++}
   (You found it on level 17 of a ziggurat)

   It renders you almost immune to cold.
Magical Staves
 a - an uncursed staff of energy (weapon) {!a!a, !d, @w1}
Jewellery
 e - the amulet "Xicifo" {Reflect +Fly rElec rPois Dex+4 Slay+3 SH+3}
   (You found it on level 20 of a ziggurat)

   [amulet of reflection]

   It shields you and reflects attacks.
   It affects your dexterity (+4).
   It affects your accuracy and damage with ranged weapons and melee attacks
   (+3).
   It insulates you from electricity.
   It protects you from poison.
   It lets you fly.
   It affects your SH (+3).
 m - the ring "Girucali" (right hand) {rPois rF+ MP+9 Str-2 Int+4}
   (You found it on level 3 of the Elven Halls)

   [ring of poison resistance]

   It affects your strength (-2).
   It affects your intelligence (+4).
   It protects you from fire.
   It protects you from poison.
   It affects your magic capacity (+9).
 s - the ring "Keutik" {rElec MR+ Str+4 Int+2}
   (You found it on level 11 of a ziggurat)

   [ring of protection from magic]

   It affects your strength (+4).
   It affects your intelligence (+2).
   It insulates you from electricity.
   It affects your resistance to hostile enchantments.
 I - the ring "Isus" {+Blink rN+ MR+ MP+9 AC+1}
   (You found it on level 8 of a ziggurat)

   [ring of protection]

   It affects your AC (+1).
   It protects you from negative energy.
   It affects your resistance to hostile enchantments.
   It affects your magic capacity (+9).
   It lets you blink.
 P - the ring of the Present (left hand) {Wiz MR++ Int+3, =R}
   (You found it on level 3 of the Crypt)

   [ring of wizardry]

   It improves your spell success rate.
   It affects your intelligence (+3).
   It affects your resistance to hostile enchantments.
 X - the amulet "Mial" (around neck) {RegenMP Str+4 SInv}
   (You found it on level 3 of the Depths)

   [amulet of magic regeneration]

   It increases your magic regeneration.
   It affects your strength (+4).
   It lets you see invisible.
Wands
 l - a wand of hasting (2/9) {!v, @v3}
 F - a wand of digging (12/24)
 G - a wand of heal wounds (5/9) {!v, @v2}
 O - a wand of teleportation (2/9) {!v, @v4}
Scrolls
 n - 30 scrolls of remove curse {@r2}
 u - 10 scrolls of holy word {!r}
 w - 7 scrolls of enchant armour
 B - 12 scrolls of blinking
 E - 5 scrolls of immolation {!r}
 H - 22 scrolls of recharging
 J - 15 scrolls of fog
 M - 11 scrolls of magic mapping
 R - 16 scrolls of identify {@r1}
 T - 58 scrolls of teleportation {!r, @r4}
 U - 2 scrolls of amnesia
 W - 4 scrolls of enchant weapon
Potions
 g - 6 potions of haste {!q, @q3}
 i - a potion of magic
 j - 34 potions of cure mutation
 k - 18 potions of heal wounds {!q, @q2}
 q - 2 potions of brilliance
 x - 6 potions of agility
 D - 3 potions of beneficial mutation
 N - 8 potions of cancellation
 Q - 9 potions of curing {@q1}
Miscellaneous
 f - a crystal ball of energy {@v1}
 p - 2 boxes of beasts
 y - 3 phantom mirrors
 V - a disc of storms
Comestibles
 d - 16 meat rations {@e2}
 L - 7 bread rations {@e1}


   Skills:
 + Level 20.5 Fighting
 - Level 4.0 Armour
 + Level 23.8 Dodging
 - Level 2.4 Stealth
 - Level 15.0 Shields
 + Level 22.9 Spellcasting
 - Level 24.8 Conjurations
 - Level 15.9 Necromancy
 - Level 13.8 Transmutations
 - Level 23.5 Fire Magic
 * Level 17.4 Air Magic
 O Level 27 Earth Magic
 - Level 3.0 Invocations
 O Level 27 Evocations


You had 3 spell levels left.
You knew the following spells:

 Your Spells              Type           Power        Failure   Level  Hunger
a - Necromutation         Tmut/Necr      ########..   34%         8    N/A
b - Fire Storm            Conj/Fire      ########..   26%         9    N/A
c - Yara's Violent Unrav  Hex/Tmut       #######...   13%         5    N/A
d - Passage of Golubria   Tloc           N/A          32%         4    N/A
e - Lehudib's Crystal Sp  Conj/Erth      ########..   10%         8    N/A
f - Darkness              Hex            ######....   93%         6    N/A
g - Glaciate              Conj/Ice       ########..   99%         9    N/A
h - Shatter               Erth           ########..   16%         9    N/A
i - Tornado               Air            ########..   58%         9    N/A
o - Apportation           Tloc           ######....   12%         1    N/A

Dungeon Overview and Level Annotations

Branches:
Dungeon (15/15)            Temple (0/1) D:5            Lair (6/6) D:8
  Swamp (4/4) Lair:3        Snake (4/4) Lair:2        Slime (5/5) Lair:5
    Orc (2/2) D:10            Elf (3/3) Orc:2        Vaults (5/5) D:14
  Crypt (3/3) Vaults:3       Tomb (2/3) Crypt:3      Depths (5/5) D:15
    Zot (4/5) Depths:5

Altars:
Ashenzari
Dithmenos
Fedhas
Gozag
Hepliaklqana
Kikubaaqudgha
Makhleb
Nemelex Xobeh
Okawaru
Qazlal
Sif Muna
Trog
Uskayaw
Vehumet
Xom
Yredelemnul
Beogh
Jiyva

Shops:
D:11 =   Orc:1 }   Orc:2 [([*=   Elf:1 (   Elf:3 (   Snake:2 (   Vaults:2 (
Vaults:5 !??%%%?%

Portals:
Hell: Depths:1 Depths:2 Depths:3 Depths:4 Depths:5
Abyss: Depths:3
Pandemonium: Depths:1 Depths:2 Depths:3

Annotations:
D:3 Paps's ghost, amateur GrFi
D:4 Eustachio
D:9 exclusion: ice statue, Psyche
Lair:6 exclusion: oklob plant
Snake:4 3 runed doors
Orc:2 !
Elf:2 3 runed doors
Vaults:1 exclusion: obsidian statue
Vaults:3 Mennas


Innate Abilities, Weirdness & Mutations

You are resistant to damage.
You can recharge devices by infusing magical energy.
You resist negative energy. (rN+)
You passively map a large area around you.
You do not regenerate.
You are surrounded by a mild repulsion field. (EV +2)
You have a somewhat thin skeletal structure. (Dex +2, Stealth)
You are partially covered in yellow scales. (AC +2)
You are very agile. (Dex +4)
You can translocate small distances at will.
You are dopey. (Int -2)
Your flesh is very heat resistant. (rF++)
Your system is resistant to poisons. (rPois)
You are weak. (Str -2)
Your spells are a little harder to cast, but a little more powerful.


Message History

You hear a sizzling sound!
You block the Executioner's attack. x2; The Executioner misses you.
Weisick closely misses you.
The green death is engulfed in roaring flames.
The Hell Sentinel gestures at you. The iron shot hits you!
* * * LOW HITPOINT WARNING * * *
The infernal corrupter is engulfed in spectral mist.
The ynoxinul gestures.
The shadow demon gestures.
The Executioner hits you!
* * * LOW HITPOINT WARNING * * *
You feel your power leaking away.
The Executioner hits you but does no damage. x2
The Tzitzimitl gestures at you. The bolt of cold misses you.
You hear a sizzling sound!
Weisick hits you.
The green death is engulfed in roaring flames.
A torturous warmonger comes into view.
It is wielding a demon trident of venom.
You take 23 damage, and have 107/271 hp.
Unknown command.
Evoke which item? (* to show all) (? for menu, Esc to quit)
Okay, then.
Blink to where?
Press: ? - help, Dir - move target cursor
As you read the scroll of blinking, it crumbles to dust.
A soul eater comes into view.
The green death is engulfed in roaring flames.
The blizzard demon gestures at you.
The bolt of lightning hits the ufetubus.
The ufetubus dies!
The bolt of lightning misses you.
Weisick gestures.
You hear a shout!
Unknown command.
Evoke which item? (* to show all) (? for menu, Esc to quit)
Really evoke
l - a wand of hasting (3/9) {!v, @v3}?
Zapping:
l - a wand of hasting (3/9) {!v, @v3}
Press: ? - help, Shift-Dir - straight line, f - you You feel yourself speed up.
This wand has 2 charges left.
Weisick sneers, "Turn tail, thou erky dirt-delving yak-dropping!"
Weisick gestures at you.
The sphere of damnation explodes!
The damnation engulfs you!
* * * LOW HITPOINT WARNING * * *
The damnation engulfs the ufetubus.
The ufetubus dies!
You hear a shout!
The blizzard demon waves its arms in wide circles.
The air twists around and violently strikes you in flight!
* * * LOW HITPOINT WARNING * * *
You take 34 damage, and have 73/271 hp.
Unknown command.
Blink to where?
Press: ? - help, Dir - move target cursor You are lightly contaminated with residual magic.
As you read the scroll of blinking, it crumbles to dust.
Found twenty-one items.
Found two gates leading back out of this place.
Found a stone staircase leading down.
Unknown command.
a - an uncursed staff of energy (weapon)
{!a!a, !d, @w1} You channel some magical energy.
Unknown command.
You channel some magical energy.
You regained 2 mp, and now have 4/58 mp.
Unknown command.
You channel some magical energy.
You hear a shout!
The Executioner closely misses you. You block the Executioner's attack.
The Executioner completely misses you.
The blizzard demon waves its arms in wide circles.
The air twists around and violently strikes you in flight!
* * * LOW HITPOINT WARNING * * *
The Tzitzimitl gestures at you.
You convulse!
* * * LOW HITPOINT WARNING * * *
You take 47 damage, and have 26/271 hp.
Unknown command.
Unknown command.
Blink to where?
Press: ? - help, Dir - move target cursor You are contaminated with residual magic.
As you read the scroll of blinking, it crumbles to dust.
As you read the scroll of fog, it crumbles to dust.
The scroll dissolves into smoke.
You block the Executioner's attack. The Executioner completely misses you.
You block the Executioner's attack.
Evoke which item? (* to show all) (? for menu, Esc to quit)
The disc erupts in an explosion of electricity!
You hear a clap of thunder!
The orb of electricity explodes!
The orb of electricity engulfs you! You resist.
* * * LOW HITPOINT WARNING * * *
The orb of electricity engulfs the Executioner.
The Executioner resists.
The Executioner is severely wounded.
You hear a mighty clap of thunder! x3; You hear a clap of thunder!
You block the Executioner's attack. x2; The Executioner misses you.
The Executioner hits you!!
You die...

▓ · ·· · · ·
.......▓▓▓▓▓▓▓▓▓▓▓▓
.............§§§§.▓
.§...........§§§L§▓
4≈..≈........§§1§.▓
33..≈.......§.§§§[▓
265.)..........§?=▓
.6..[....4....:=)∩▓
44.≈.32..2.§.."?|>▓
.2)..5........)}}∩▓
16.).2..1......:)=▓
16..4323.......:|)▓


You could see an Executioner (inner flame).

Vanquished Creatures
  the Royal Jelly (Slime:5)
  Mara (Depths:2)
  11 ancient liches
  3 juggernauts
  Sojobo (Depths:3)
  4 pandemonium lords
  Frederick (Depths:3)
  45 greater mummies
  A curse toe (Zot:4)
  Margery (Vaults:3)
  6 Killer Klowns
  Saint Roka (Vaults:3)
  Jory (Crypt:2)
  39 golden dragons
  9 bone dragons
  A profane servitor (Zig:15)
  A doom hound (Zig:17)
  2 Tzitzimimeh
  6 Brimstone Fiends
  7 iron giants
  2 Hell Sentinels
  16 tentacled monstrosities
  24 liches
  6 deep elf blademasters
  2 Ice Fiends
  A moon troll (WizLab)
  9 deep elf master archers
  9 titans
  A quicksilver dragon (shapeshifter) (Zig:6)
  15 quicksilver dragons
  29 acid blobs
  7 Executioners
  10 sphinxes
  6 thorn hunters
  8 death cobs
  14 ancient champions
  The ghost of Yoshimo the Tortoise, an adept MiBe of Trog (Snake:4)
  22 tentacled starspawn
  37 nagarajas
  11 storm dragons
  10 blood saints
  9 revenants
  13 shadow dragons
  19 azure jellies
  12 tengu reavers
  19 fire giants
  12 draconian monks
  Roxanne (Elf:2)
  14 frost giants
  2 azure jellies (shapeshifter)
  Aizul (Snake:3)
  12 draconian scorchers
  27 draconian knights
  6 deep elf sorcerers
  21 orc warlords
  4 ghost moths
  8 balrugs
  2 cacodemons
  13 draconian zealots
  16 vault wardens
  2 emperor scorpions (Zig:17)
  4 black suns
  7 iron dragons
  7 curse skulls
  5 warmongers
  6 deep elf elementalists (Elf:3)
  8 draconian shifters
  2 caustic shrike zombies
  18 draconian annihilators
  9 juggernaut zombies
  33 reapers
  11 draconian callers
  4 caustic shrike skeletons
  2 spriggan defenders (Depths:3)
  5 ghouls
  17 war gargoyles
  2 juggernaut skeletons
  An entropy weaver (shapeshifter) (Vaults:2)
  17 ironheart preservers
  21 green draconians
  18 vampire knights
  29 stone giants
  4 entropy weavers
  12 bennus
  A corrupter (Zig:10)
  19 very ugly things
  13 deep elf demonologists
  15 black draconians
  14 deep elf annihilators
  10 white draconians
  23 red draconians
  8 lorocyprocas
  13 purple draconians
  11 yellow draconians
  14 mottled draconians
  A dire elephant (Lair:6)
  5 spark wasps
  16 deep elf death magi
  7 blizzard demons
  17 eidola
  A fire dragon (shapeshifter) (Depths:4)
  8 merfolk javelineers
  The ghost of YrmMerkstave the Spear-Bearer, a journeyman DDFi of Yredelemnul (Lair:6)
  A minotaur (Lab)
  20 green deaths
  23 yaktaur captains
  19 fire dragons
  10 jiangshi
  32 ettins
  6 crystal guardians
  23 mummy priests
  9 death oozes
  13 deep elf high priests
  Josephine (D:13)
  5 quicksilver dragon zombies
  29 vault guards
  30 great orbs of eyes
  27 naga warriors
  5 rakshasas
  A monstrous demonspawn (Zig:12)
  3 quicksilver dragon skeletons
  21 ice dragons
  45 large abominations
  A caustic shrike simulacrum (Zig:16)
  64 hydras
  3 death knights
  15 centaur warriors
  3 hell beasts
  12 alligators
  15 ogre magi
  17 death yaks
  3 catoblepae
  A satyr (shapeshifter) (D:15)
  19 anacondas
  3 ghost crabs
  2 anacondas (shapeshifter)
  4 satyrs (Zig:18)
  6 tengu warriors
  31 death scarabs
  29 dancing weapons
  16 deep troll shamans
  22 orc high priests
  21 vampire magi
  The ghost of aspa the Thaumaturge, a journeyman OpWz of Sif Muna (D:10)
  10 thrashing horrors
  9 deep troll earth magi
  21 shock serpents
  36 deep elf knights
  7 hell hogs
  6 spriggan berserkers
  Urug (D:11)
  6 titan zombies
  7 hell knights
  A hellephant zombie (Crypt:2)
  28 naga sharpshooters
  2 spriggans
  Sonja (D:12)
  3 storm dragon zombies
  4 sun demons
  8 titan skeletons
  16 wretched stars
  13 soul eaters
  3 unseen horrors
  12 iron trolls
  6 salamander mystics
  4 sixfirhies
  5 spatial maelstroms
  A ghost moth zombie (Crypt:3)
  5 golden dragon zombies
  An infernal demonspawn (Zig:21)
  23 skeletal warriors
  A glowing orange brain (shapeshifter) (D:13)
  6 shadow demons
  43 deep trolls
  An iron giant zombie (Crypt:1)
  22 naga ritualists
  7 shadow wraiths
  A deep troll (shapeshifter) (Depths:2)
  14 glowing orange brains
  16 flayed ghosts
  33 swamp dragons
  3 orange crystal statues
  2 storm dragon skeletons
  37 starcursed masses
  7 wizards
  5 spriggan druids
  A sea snake (Snake:4)
  An anaconda zombie (Crypt:3)
  21 deep elf archers
  34 death drakes
  5 shadow dragon zombies
  2 spectral hydras (Depths:4)
  A lindwurm (D:14)
  6 tengu zombies
  26 orc knights
  20 phantasmal warriors
  19 shambling mangroves
  26 ironbrand convokers
  2 gelid demonspawn
  6 hill giants
  10 harpies
  7 sphinx zombies
  18 necromancers
  3 wolf spider zombies
  7 tengu skeletons
  3 oklob plants (Zig:17)
  2 mana vipers (shapeshifter)
  2 harpies (shapeshifter)
  10 wolf spiders
  21 orc sorcerers
  3 golden dragon skeletons
  An orb spider (shapeshifter) (Zig:23)
  65 ugly things
  2 frost giant zombies (Crypt:3)
  8 orb spiders
  A manticore (D:15)
  12 mana vipers
  A cyclops (shapeshifter) (Zig:23)
  A faun (shapeshifter) (Zig:23)
  2 fire giant zombies
  6 iron dragon zombies
  A shining eye (shapeshifter) (Zig:13)
  78 deep elf magi
  9 cyclopes
  3 stone giant zombies
  3 shadow dragon skeletons
  5 fauns (Zig:18)
  9 elephants (Lair:6)
  2 frost giant skeletons
  14 salamanders
  2 sphinx skeletons
  28 moths of wrath
  2 worldbinders
  2 fire giant skeletons
  2 iron dragon skeletons
  Maurice (D:11)
  7 spriggan zombies
  4 apocalypse crabs
  4 shining eyes
  2 dire elephant zombies
  25 vault sentinels
  2 stone giant skeletons
  6 orange demons
  A shock serpent zombie (Crypt:3)
  Joseph (D:8)
  18 smoke demons
  101 black mambas
  23 rust devils
  22 guardian serpents
  35 spiny frogs
  55 naga magi
  6 eyes of devastation
  3 ice statues
  6 torpor snails
  2 spiny frogs (shapeshifter)
  17 hellions
  2 dire elephant skeletons
  A catoblepas zombie (Crypt:2)
  4 rime drakes (shapeshifter)
  5 kobold demonologists
  4 efreet
  10 rime drakes
  5 demonic crawlers
  8 komodo dragons
  51 yaktaurs
  29 freezing wraiths
  A komodo dragon (shapeshifter) (Vaults:1)
  An iron troll zombie (Crypt:2)
  17 elf zombies
  15 hellwings
  22 ancient zymes
  13 tormentors
  A yaktaur (shapeshifter) (Vaults:1)
  3 tengu conjurers
  7 red devils
  11 jumping spiders
  27 guardian mummies
  A silent spectre (Zig:17)
  2 iron troll skeletons
  10 ice devils
  2 spectral merfolk (Depths:4)
  A yellow draconian skeleton (Crypt:2)
  3 meliai (D:13)
  A merfolk (shapeshifter) (Zig:23)
  A harpy zombie (Crypt:3)
  42 hornets
  4 polar bears (Lair:2)
  A hydra zombie (Crypt:3)
  2 wind drakes (shapeshifter)
  12 tyrant leeches
  10 wind drakes
  26 small abominations
  24 two-headed ogres
  23 trolls
  34 raiju
  A harpy skeleton (Crypt:3)
  A raiju (shapeshifter) (Abyss:3)
  109 slime creatures
  10 dream sheep (Lair:6)
  A fire dragon zombie (Crypt:3)
  A hippogriff (shapeshifter) (Zig:7)
  15 blink frogs
  10 bog bodies
  2 tyrant leeches (shapeshifter)
  9 hippogriffs
  A snapping turtle (shapeshifter) (Depths:5)
  An ettin skeleton (Crypt:3)
  2 human simulacra
  An ettin zombie (Crypt:3)
  3 spriggan skeletons
  59 flying skulls
  A fire dragon skeleton (Crypt:1)
  7 redbacks
  5 tarantellas
  24 water elementals
  34 wraiths
  A dire elephant simulacrum (Abyss:4)
  2 spriggans (shapeshifter)
  12 ynoxinuls
  A wyvern (shapeshifter) (Vaults:1)
  15 shadows
  7 fire bats (Abyss:4)
  10 vampires
  2 black mamba skeletons
  14 air elementals
  19 ushabtiu
  3 hogs (D:8)
  A yak (shapeshifter) (Depths:1)
  A fire bat (shapeshifter) (Abyss:4)
  3 hogs (shapeshifter)
  A human (D:8)
  5 wyverns
  3 elf skeletons
  7 basilisks
  A golden eye (shapeshifter) (Vaults:4)
  6 steam dragons
  50 yaks
  7 fire elementals
  2 hungry ghosts
  4 golden eyes
  30 vampire mosquitoes
  12 neqoxecs
  2 yaktaur simulacra (Vaults:3)
  A wind drake skeleton (Crypt:1)
  18 chaos spawn
  An elf simulacrum (Zig:5)
  6 mottled dragons
  A monstrous demonspawn zombie (Crypt:2)
  A spatial vortex (Abyss:4)
  3 human zombies (Vaults:3)
  25 swamp worms
  57 nagas
  A swamp worm (shapeshifter) (Vaults:4)
  22 insubstantial wisps
  34 wargs
  A soldier ant (shapeshifter) (D:15)
  2 floating eyes
  A hydra simulacrum (Depths:4)
  27 water moccasins
  2 water moccasins (shapeshifter)
  13 hell hounds
  A faun skeleton (Crypt:2)
  A merfolk skeleton (Crypt:2)
  3 spectral spriggans (Depths:4)
  6 spectral trolls (Depths:4)
  Duvessa (D:4)
  117 orc warriors
  14 porcupines
  23 swamp drakes
  17 ice beasts
  6 sky beasts
  An alligator simulacrum (Crypt:1)
  A swamp dragon zombie (Crypt:3)
  A spiny frog skeleton (Crypt:1)
  An ettin simulacrum (Vaults:2)
  15 eyes of draining
  5 necrophages
  A phantom (D:8)
  28 boggarts
  11 black bears
  73 ogres
  23 centaurs
  24 wolves
  A manticore skeleton (Crypt:3)
  15 crocodiles
  4 big kobolds
  13 earth elementals
  A fire crab zombie (Crypt:1)
  17 bullfrogs
  5 gnoll sergeants
  A komodo dragon skeleton (Crypt:2)
  2 cyclops zombies (Depths:2)
  Dowan (D:4)
  A water moccasin zombie (D:6)
  A deep troll simulacrum (Crypt:2)
  12 wyvern skeletons (Crypt:3)
  7 scorpions
  3 spectral ogres (Depths:4)
  A troll zombie (Crypt:3)
  15 killer bees
  2 spectral nagas (Depths:4)
  25 wights
  An electric eel (Lair:4)
  2 spectral centaurs (Depths:4)
  3 howler monkeys
  7 crimson imps
  5 centaur zombies
  5 bullfrog zombies
  10 jellies
  2 quasits
  8 hounds
  2 gnoll shamans
  36 orc priests
  32 iron imps
  Crazy Yiuf (D:7)
  2 bullfrog skeletons
  9 centaur skeletons
  Ijyb (D:2)
  6 iguanas
  43 orc wizards
  Natasha (D:4)
  7 hell rats
  A worker ant (shapeshifter) (Abyss:4)
  2 spriggan simulacra
  10 worker ants
  A lightning spire (Zig:10)
  2 killer bee zombies
  A centaur simulacrum (Depths:4)
  A naga zombie (Crypt:2)
  A sky beast zombie (Crypt:1)
  A hound skeleton (D:4)
  66 mummies
  A howler monkey zombie (D:5)
  A worker ant zombie (D:11)
  A howler monkey skeleton (D:8)
  25 gnolls
  11 adders
  A steam dragon zombie (Crypt:1)
  10 shadow imps
  2 white imps
  2 ufetubi
  An adder zombie (D:8)
  An ooze (D:2)
  An adder skeleton (D:5)
  7 worms
  9 ball lightnings (Depths:1)
  4 dart slugs
  5 leopard geckos
  163 orcs
  2 giant cockroaches
  6 goblins
  9 hobgoblins
  14 jackals
  11 kobolds
  7 quokkas
  4 ball pythons
  6 bats
  4 frilled lizards
  A goblin skeleton (Crypt:1)
  A leopard gecko skeleton (D:4)
  A leopard gecko zombie (D:8)
  A quokka skeleton (D:8)
  4 rats (D:1)
  27 briar patches
  7 bushes (Zig:24)
  14 crawling corpses
  A fire vortex (Zig:17)
  2 lurking horrors (Abyss:4)
  19 plants
  14 starspawn tentacles
  6 withered plants (Crypt:3)
5283 creatures vanquished.

Vanquished Creatures (collateral kills)
  3 greater mummies (Tomb:1)
  A Tzitzimitl (Zig:11)
  An acid blob (Slime:5)
  A revenant (Zig:20)
  A storm dragon (Vaults:4)
  A vault warden (Vaults:5)
  2 very ugly things (Zig:6)
  An ice dragon (shapeshifter) (Zig:23)
  An ice dragon (Zig:19)
  A phantasmal warrior (Zig:20)
  A demonic crawler (Zig:17)
  An elf skeleton (Zig:16)
  A slime creature (Zig:8)
  A redback (Zig:17)
  An elf zombie (Zig:21)
  A tarantella (Zig:17)
  An orc wizard (Orc:2)
  4 mummies
24 creatures vanquished.

Vanquished Creatures (others)
  Asterion (Depths:2)
  5 stone giants
  A deep elf high priest (Elf:3)
  3 yaktaur captains
  2 centaur warriors
  5 death scarabs (Tomb:1)
  4 naga sharpshooters
  A skeletal warrior (Depths:4)
  A naga ritualist (Snake:4)
  An orc knight (Vaults:2)
  A mana viper (Zig:25)
  3 yaktaurs (Vaults:2)
  A wind drake (Depths:1)
  An orc warrior (D:10)
  2 ogres
  A quasit (Abyss:4)
  A mummy (Tomb:1)
  6 ball lightnings (Depths:1)
  An orc (Orc:1)
  8 bushes
  A crawling corpse (Vaults:5)
  6 demonic plants (WizLab)
  360 fire vortices
  15 fungi
  4 lost souls (Zig:25)
  2 lurking horrors (Abyss:4)
  17 plants
  34 starspawn tentacles
  32 withered plants (Crypt:3)
520 creatures vanquished.

Grand Total: 5827 creatures vanquished

Notes
Turn   | Place    | Note
-------+----------+-------------------------------------------
     0 | D:1      | Goblin1989 the Deep Dwarf Earth Elementalist began the quest for the Orb.
     0 | D:1      | Reached XP level 1. HP: 15/15 MP: 3/3
   250 | D:1      | Found a sparkling altar of Nemelex Xobeh.
   273 | D:1      | Reached XP level 2. HP: 13/22 MP: 0/4
   625 | D:1      | Reached skill level 5 in Earth Magic
  1012 | D:2      | Reached XP level 3. HP: 28/28 MP: 4/6
  1020 | D:1      | Learned a level 3 spell: Stone Arrow
  1159 | D:2      | Noticed Ijyb
  1278 | D:2      | Killed Ijyb
  1364 | D:2      | Reached XP level 4. HP: 36/36 MP: 0/7
  1682 | D:2      | Found a burning altar of Makhleb.
  1687 | D:2      | Became a worshipper of Makhleb the Destroyer
  2205 | D:3      | Reached skill level 1 in Conjurations
  2321 | D:3      | Identified a +1 rod of ignition (9/9) (You found it on level 3 of the Dungeon)
  2480 | D:3      | Learned a level 2 spell: Passwall
  2547 | D:3      | Reached skill level 1 in Evocations
  2547 | D:3      | Reached XP level 5. HP: 30/42 MP: 1/8
  2765 | D:3      | Noticed Paps's ghost (amateur GrFi)
  2766 | D:3      | Goblin1989: !lg paps grfi place=d:3 -log
  2766 | D:3      | beem: 55. Paps, XL4 GrFi, T:1578: http://crawl.xtahua.com/crawl/morgue/Paps/morgue-Paps-20170116-083816.txt
  2992 | D:4      | Found a shattered altar of Ashenzari.
  3225 | D:4      | Noticed Eustachio
  3303 | D:4      | Noticed Natasha
  3307 | D:4      | Killed Natasha
  3591 | D:4      | Got a spiked scale mail
  3596 | D:4      | Noticed Duvessa
  3596 | D:4      | Noticed Dowan
  3601 | D:4      | Killed Duvessa
  3601 | D:4      | Reached XP level 6. HP: 40/49 MP: 6/10
  3603 | D:4      | Killed Dowan
  4094 | D:5      | Entered Level 5 of the Dungeon
  4273 | D:5      | Reached XP level 7. HP: 45/55 MP: 8/11
  4536 | D:5      | Gained mutation: Your magical capacity is low. (-10% MP) [mutagenic meat]
  4537 | D:5      | Gained mutation: You are dopey. (Int -2) [mutagenic meat]
  4538 | D:5      | Gained mutation: You are agile. (Dex +2) [mutagenic meat]
  4539 | D:5      | Lost mutation: Your magical capacity is low. (-10% MP) [mutagenic meat]
  4540 | D:5      | Gained mutation: Your flesh is heat resistant. (rF+) [mutagenic meat]
  4595 | D:5      | Noticed a water elemental
  4597 | D:5      | Found a stormy altar of Qazlal.
  4598 | D:5      | Noticed a fire elemental
  4598 | D:5      | Noticed an air elemental
  4645 | D:5      | Found a bloodstained altar of Trog.
  4669 | D:5      | Found an iron altar of Okawaru.
  5192 | D:5      | Found an opulent altar of Gozag.
  5213 | D:5      | Found a staircase to the Ecumenical Temple.
  5223 | D:5      | Found a hazy altar of Hepliaklqana.
  5283 | D:5      | Learned a level 5 spell: Lee's Rapid Deconstruction
  5349 | D:5      | Reached * piety under Makhleb
  5910 | D:6      | Reached XP level 8. HP: 51/62 MP: 8/13
  7303 | D:7      | Reached skill level 5 in Conjurations
  7420 | D:7      | Reached skill level 5 in Evocations
  7599 | D:7      | Found a runed door.
  7604 | D:7      | Noticed Crazy Yiuf
  7606 | D:7      | Killed Crazy Yiuf
  7624 | D:7      | You fall through a shaft for 3 floors!
  7624 | D:10     | Entered Level 10 of the Dungeon
  7644 | D:10     | Reached skill level 10 in Earth Magic
  7659 | D:10     | Noticed a hippogriff
  7664 | D:10     | Noticed aspa's ghost (journeyman OpWz)
  7666 | D:10     | Killed a hippogriff
  7667 | D:10     | Goblin1989: !lg aspa opwz plac=d:10 -log
  7667 | D:10     | beem: Unknown field: plac
  7667 | D:10     | Goblin1989: !lg aspa opwz place=d:10 -log
  7667 | D:10     | beem: 8. aspa, XL11 OpWz, T:16719: http://crawl.xtahua.com/crawl/morgue/aspa/morgue-aspa-20170116-093318.txt
  7770 | D:10     | Gained mutation: You passively map the area around you. [Deep Dwarf growth]
  7770 | D:10     | Reached XP level 9. HP: 40/68 MP: 8/15
  7864 | D:9      | Found a basalt altar of Yredelemnul.
  7898 | D:9      | Noticed Psyche
  8238 | D:9      | Found a blossoming altar of Fedhas.
  8335 | D:8      | Found a staircase to the Lair.
  8337 | D:8      | Reached ** piety under Makhleb
  8359 | D:8      | Noticed a spiny frog
  8383 | D:8      | Reached XP level 10. HP: 42/75 MP: 2/19
  8385 | D:8      | Killed a spiny frog
  9076 | D:8      | Found a hide-covered altar of Uskayaw.
  9230 | D:8      | Reached XP level 11. HP: 81/81 MP: 13/20
  9280 | D:8      | Learned a level 4 spell: Petrify
  9392 | D:8      | Noticed Joseph
  9400 | D:8      | Killed Joseph
  9662 | D:9      | Found a deep blue altar of Sif Muna.
 10182 | D:9      | Reached *** piety under Makhleb
 10255 | D:9      | Found a shadowy altar of Dithmenos.
 11903 | D:10     | Noticed a hill giant
 11906 | D:10     | Killed a hill giant
 12443 | D:11     | Noticed Urug
 12462 | D:11     | Killed Urug
 12585 | D:11     | Noticed a hill giant
 12589 | D:11     | Killed a hill giant
 12589 | D:11     | Reached skill level 10 in Conjurations
 12589 | D:11     | Reached skill level 10 in Evocations
 12782 | D:11     | Reached **** piety under Makhleb
 12962 | D:11     | Found Futyb's Jewellery Shop.
 13280 | D:11     | Noticed Maurice
 13282 | D:11     | Killed Maurice
 13282 | D:11     | Reached skill level 1 in Shields
 13523 | D:11     | Noticed a brown ugly thing
 13690 | D:11     | Killed a brown ugly thing
 13884 | D:11     | Noticed a red ugly thing
 13926 | D:11     | Killed a red ugly thing
 14042 | D:11     | Noticed a hill giant
 14055 | D:11     | Killed a hill giant
 14061 | D:11     | Reached skill level 15 in Earth Magic
 14630 | D:10     | Reached XP level 12. HP: 88/88 MP: 9/22
 14732 | Lair:1   | Entered Level 1 of the Lair of Beasts
 15721 | Lair:1   | Noticed a seven-headed hydra
 15728 | Lair:1   | Killed a seven-headed hydra
 15728 | Lair:1   | Reached skill level 1 in Armour
 16655 | Lair:2   | Found a staircase to the Snake Pit.
 17547 | Lair:2   | Flooderbenga: hey
 17547 | Lair:2   | Flooderbenga: you don't happen to be the same goblin that i know by any chane?
 17547 | Lair:2   | Flooderbenga: one that has an acconut on boardgamegeek that had something to do with a skeleton
 17547 | Lair:2   | Flooderbenga: chance?*
 17547 | Lair:2   | Flooderbenga: nah, probably not, nevermind
 17547 | Lair:2   | Goblin1989: No, it's not me.
 17547 | Lair:2   | Flooderbenga: huuuhh??
 17547 | Lair:2   | Flooderbenga: Kristjan?
 17547 | Lair:2   | Flooderbenga: well that's cool
 17547 | Lair:2   | Flooderbenga: uh damn sry
 17547 | Lair:2   | Flooderbenga: sleepy eyes
 17547 | Lair:2   | Flooderbenga: missed the "not"
 17901 | Lair:3   | Goblin1989: I do than this, no other game does not recognize. I do not like them.
 18049 | Lair:3   | Reached ***** piety under Makhleb
 18526 | Lair:3   | Noticed an eight-headed hydra
 18530 | Lair:3   | Killed an eight-headed hydra
 18828 | Lair:3   | Found a staircase to the Swamp.
 18834 | Lair:3   | Noticed a seven-headed hydra
 18845 | Lair:3   | Killed a seven-headed hydra
 19096 | Lair:4   | Noticed a four-headed hydra
 19100 | Lair:4   | Killed a four-headed hydra
 19212 | Lair:4   | Reached XP level 13. HP: 94/94 MP: 18/24
 20961 | Lair:5   | Identified a scroll of acquirement
 21496 | Lair:5   | Learned a level 2 spell: Repel Missiles
 22047 | Lair:5   | Found a staircase to the Slime Pits.
 22047 | Lair:5   | Found a viscous altar of Jiyva.
 22254 | Lair:6   | Entered Level 6 of the Lair of Beasts
 22983 | D:10     | Found a staircase to the Orcish Mines.
 23234 | D:10     | Killed aspa's ghost
 23500 | Orc:1    | Entered Level 1 of the Orcish Mines
 24166 | Orc:2    | Entered Level 2 of the Orcish Mines
 24166 | Orc:2    | Found a labyrinth entrance.
 24175 | Lab      | Entered a labyrinth
 24686 | Lab      | Noticed a minotaur
 24694 | Lab      | Killed a minotaur
 24702 | Lab      | Got a spiked shield
 24713 | Lab      | Identified the +1 shield of Greed {*Drain rElec rC+ rN+} (You found it in a labyrinth)
 24719 | Lab      | Got a bloodstained scale mail
 24854 | Orc:2    | Noticed an ettin
 24870 | Orc:2    | Found a frozen archway.
 24876 | IceCv    | Entered an ice cave
 25615 | IceCv    | Gained mutation: You resist negative energy. (rN+) [Deep Dwarf growth]
 25615 | IceCv    | Reached XP level 14. HP: 46/102 MP: 0/26
 25974 | IceCv    | Got a transparent platinum ring
 26001 | IceCv    | Identified the ring "Zuiff" {rElec rF+ rC- Int-4 Slay+5} (You found it in an ice cave)
 26216 | Orc:1    | Found Miujahug's Gadget Boutique.
 26648 | Orc:1    | Found a bloodstained altar of Trog.
 27030 | Orc:1    | Noticed an orc warlord
 27064 | Orc:1    | Bought a wand of acid (6/15) for 260 gold pieces
 27136 | Orc:1    | Killed an orc warlord
 27161 | Orc:1    | Reached ****** piety under Makhleb
 27449 | Orc:1    | Identified the +8 scale mail "Jiumer" {-Cast Str+3 Int+2 Dex+6} (You found it in a labyrinth)
 27559 | Orc:1    | Reached skill level 5 in Shields
 28462 | Orc:2    | Noticed an orc warlord
 29178 | Orc:2    | Reached skill level 1 in Invocations
 29566 | Orc:2    | Found a roughly hewn altar of Beogh.
 29578 | Orc:2    | Found Gotutteu's Armour Boutique.
 29602 | Orc:2    | Bought a +1 cloak of poison resistance for 189 gold pieces
 29735 | Orc:2    | Found a staircase to the Elven Halls.
 30564 | Orc:1    | Killed an orc warlord
 31607 | Orc:2    | Reached skill level 1 in Fighting
 32518 | Orc:2    | Found Wuolaoq's Antique Armour Shoppe.
 32519 | Orc:2    | Found Ofurphos's Antique Weapon Shoppe.
 32520 | Orc:2    | Found Arol's General Store.
 32520 | Orc:2    | Found Biemno Iriji's Jewellery Emporium.
 32524 | Orc:2    | Bought a scroll of recharging for 114 gold pieces
 32524 | Orc:2    | Bought a disc of storms for 240 gold pieces
 32536 | Orc:2    | Bought a turquoise-encrusted ring mail for 324 gold pieces
 32546 | Orc:2    | Identified the cursed +0 ring mail "Qeipo" {rElec rC++ Str+2 Dex-3} (You bought it in a shop on level 2 of the Orcish Mines)
 32800 | D:11     | Bought the ring "Ciekistrutoll" {+Fly SInv} for 287 gold pieces
 33100 | D:12     | Noticed Sonja
 33107 | D:12     | Killed Sonja
 35234 | D:13     | Noticed Josephine
 35248 | D:13     | Killed Josephine
 35248 | D:13     | Reached XP level 15. HP: 114/114 MP: 5/28
 38569 | D:14     | Found a gate to the Vaults.
 38934 | D:15     | Entered Level 15 of the Dungeon
 39603 | D:15     | Gained mutation: You are very agile. (Dex +4) [potion of beneficial mutation]
 39604 | D:15     | Gained mutation: You are partially covered in yellow scales. (AC +2) [potion of beneficial mutation]
 40505 | D:15     | Reached skill level 10 in Spellcasting
 41231 | Lair:6   | Noticed YrmMerkstave's ghost (journeyman DDFi)
 41232 | Lair:6   | Goblin1989: !lg yrmmerkstave grfi place=l:6 -log
 41232 | Lair:6   | beem: No games for yrmmerkstave (grfi place=l:6).
 41232 | Lair:6   | Goblin1989: !lg yrmmerkstave ddfi place=l:6 -log
 41232 | Lair:6   | beem: No games for yrmmerkstave (ddfi place=l:6).
 41232 | Lair:6   | ololoev: !lg yrmmerkstave place=lair:6 ddfi -log
 41232 | Lair:6   | beem: 1. YrmMerkstave, XL12 DDFi, T:9207: http://crawl.xtahua.com/crawl/morgue/YrmMerkstave/morgue-YrmMerkstave-20170117-073332.txt
 41232 | Lair:6   | ololoev: beem ne lubit sokrasheniya branchei
 42008 | Lair:6   | Reached XP level 16. HP: 107/121 MP: 18/30
 42535 | Lair:6   | Killed YrmMerkstave's ghost
 42535 | Lair:6   | Reached skill level 15 in Evocations
 46064 | D:15     | Found a staircase to the Depths.
 46104 | D:15     | Found a blossoming altar of Fedhas.
 47084 | Snake:1  | Entered Level 1 of the Snake Pit
 47450 | Snake:1  | Found a radiant altar of Vehumet.
 48825 | Snake:2  | Got an ancient whip
 49047 | Snake:2  | Identified the +9 whip of Fogocs {elec, rElec} (You found it on level 2 of the Snake Pit)
 49921 | Snake:2  | Reached XP level 17. HP: 56/127 MP: 4/31
 50602 | Snake:2  | Reached skill level 10 in Shields
 50863 | Snake:2  | Found Siowkirph's Weapon Shoppe.
 50871 | Snake:2  | Bought the +5 trident of Extinguishment {freeze, Int+3} for 758 gold pieces
 51187 | Snake:3  | Noticed Aizul
 51193 | Snake:3  | Killed Aizul
 51219 | Snake:3  | Reached skill level 5 in Dodging
 52723 | Snake:4  | Entered Level 4 of the Snake Pit
 53022 | Swamp:1  | Entered Level 1 of the Swamp
 53375 | Snake:4  | Got a bloodstained falchion
 53810 | Snake:4  | Found a runed gate.
 53810 | Snake:4  | Found a runed gate.
 53810 | Snake:4  | Found a runed gate.
 54254 | Snake:4  | Noticed Yoshimo's ghost (adept MiBe)
 54254 | Snake:4  | Goblin1989: !lg yoshimo place=snake:4 mibe -log
 54254 | Snake:4  | beem: 1. Yoshimo, XL16 MiBe, T:18894: http://crawl.xtahua.com/crawl/morgue/Yoshimo/morgue-Yoshimo-20170119-155804.txt
 54420 | Snake:3  | Identified the +8 falchion of Royalism {slice, rF+} (You found it on level 4 of the Snake Pit)
 56224 | Snake:4  | Gained mutation: You passively map a large area around you. [Deep Dwarf growth]
 56224 | Snake:4  | Reached XP level 18. HP: 134/134 MP: 27/33
 56977 | Snake:4  | Killed Yoshimo's ghost
 57403 | Snake:4  | Got a serpentine rune of Zot
 57864 | Swamp:1  | Got a fine buckler
 57865 | Swamp:1  | Identified the +2 buckler "Ofoikhyt" {+Inv rN+ MP+9 Str+3} (You found it on level 1 of the Swamp)
 58387 | Swamp:1  | You fall through a shaft!
 58942 | Swamp:1  | Upgraded the game from 0.19.1-1-g22dce08 to 0.19.3
 58960 | Swamp:1  | Gained mutation: Your flesh is very heat resistant. (rF++) [potion of beneficial mutation]
 62588 | Swamp:4  | Entered Level 4 of the Swamp
 62596 | Swamp:4  | Gained mutation: Your system is resistant to poisons. (rPois) [potion of beneficial mutation]
 62819 | Swamp:4  | Reached XP level 19. HP: 133/140 MP: 5/35
 63308 | Swamp:4  | Got a decaying rune of Zot
 64648 | Vaults:1 | Entered Level 1 of the Vaults
 64795 | Vaults:1 | Upgraded the game from 0.19.3 to 0.19.3-1-g3169bf9
 67523 | Vaults:2 | Found Xuyfyll's Antique Weapon Emporium.
 67537 | Vaults:2 | Bought an encrusted spear for 208 gold pieces
 67537 | Vaults:2 | Identified the +4 spear of the Sky {venom, Int+3 Dex+2} (You bought it in a shop on level 2 of the Vaults)
 69404 | Vaults:2 | Upgraded the game from 0.19.3-1-g3169bf9 to 0.19.3-4-gbf9329e
 69596 | Vaults:2 | Reached XP level 20. HP: 57/147 MP: 5/36
 70791 | Vaults:3 | Noticed Saint Roka
 70812 | Vaults:3 | Killed Saint Roka
 70818 | Vaults:3 | Found a staircase to the Crypt.
 71592 | Vaults:3 | Noticed Margery
 71599 | Vaults:3 | Killed Margery
 73277 | Elf:1    | Entered Level 1 of the Elven Halls
 73369 | Elf:1    | Found a magical portal.
 73374 | WizLab   | Entered Lehudib's Moon Base
 74616 | WizLab   | Got a dull robe
 74619 | WizLab   | Identified the +1 robe of Xom's Delight {Int+2 Dex+3} (You found it in a wizard's laboratory)
 75728 | WizLab   | Identified Lehudib's Incunabulum of Clay and Conjuration
 75740 | WizLab   | Learned a level 8 spell: Lehudib's Crystal Spear
 76236 | WizLab   | Reached XP level 21. HP: 154/154 MP: 23/38
 76245 | WizLab   | Gained mutation: Your spells are a little harder to cast, but a little more powerful. [potion of beneficial mutation]
 77631 | Elf:1    | Found Byick's Weapon Boutique.
 77801 | Elf:1    | Reached skill level 15 in Shields
 78485 | Elf:2    | Noticed Roxanne
 78488 | Elf:2    | Killed Roxanne
 78808 | Elf:2    | Learned a level 6 spell: Iron Shot
 78818 | Elf:2    | Learned a level 9 spell: Shatter
 79343 | Elf:2    | Found a huge runed gate.
 79343 | Elf:2    | Found a huge runed gate.
 79343 | Elf:2    | Found a huge runed gate.
 80183 | Lair:1   | Learned a level 8 spell: Necromutation
 80341 | Elf:3    | Entered Level 3 of the Elven Halls
 80571 | Elf:3    | Found Ates Vih's Weapon Shop.
 80613 | Elf:3    | Found a deep blue altar of Sif Muna.
 81357 | Elf:3    | Reached XP level 22. HP: 168/168 MP: 0/39
 81478 | Elf:3    | Identified the Grimoire of the Entourage and Protection
 81494 | Elf:3    | Identified the Tome of Beguiling and the Entourage
 81517 | Elf:3    | Got a shimmering marble ring
 81524 | Elf:3    | Got a translucent marble ring
 81528 | Elf:3    | Got a faintly glowing falchion
 81529 | Elf:3    | Identified the cursed +2 falchion of Qisuanan {drain, *Slow rF- rN+++ Int+8} (You found it on level 3 of the Elven Halls)
 81610 | Elf:3    | Got a twisted ring mail
 81621 | Elf:3    | Identified the cursed +0 ring mail of Omission {MR+} (You found it on level 3 of the Elven Halls)
 81636 | Elf:3    | Got a slimy short sword
 81637 | Elf:3    | Identified the cursed +1 short sword of Afuiwar {flame, +Rage rF- rC- Int+9} (You found it on level 3 of the Elven Halls)
 81710 | Elf:3    | Identified the ring "Girucali" {rPois rF+ MP+9 Str-2 Int+4} (You found it on level 3 of the Elven Halls)
 81712 | Elf:3    | Identified the ring of the Insatiable Runes {Fire +Blink rPois Str+4 Int+4} (You found it on level 3 of the Elven Halls)
 83625 | Vaults:4 | Reached skill level 27 in Earth Magic
 83914 | Vaults:4 | Noticed Mennas
 84109 | Vaults:4 | Reached skill level 5 in Fighting
 84242 | Vaults:4 | Reached skill level 15 in Conjurations
 85428 | Depths:1 | Entered Level 1 of the Depths
 85476 | Depths:1 | Reached skill level 1 in Transmutations
 85859 | Depths:1 | Found a one-way gate leading to the halls of Pandemonium.
 86390 | Depths:1 | Reached skill level 1 in Necromancy
 87030 | Depths:1 | Found a gateway to Hell.
 87496 | Depths:2 | Noticed Mara
 87498 | Depths:2 | Killed Mara
 87509 | Depths:2 | Noticed Asterion
 87518 | Depths:2 | Killed Asterion
 87536 | Depths:2 | Reached XP level 23. HP: 145/182 MP: 41/41
 87745 | Depths:2 | Got a translucent arbalest
 88333 | Depths:2 | Noticed a juggernaut
 88342 | Depths:2 | Killed a juggernaut
 88380 | Depths:2 | Got a transparent dagger
 88381 | Depths:2 | Identified the +11 dagger "Hestyseti" {venom, rF- rN+ MP+9} (You found it on level 2 of the Depths)
 89568 | Depths:3 | Noticed Sojobo
 89585 | Depths:3 | Reached skill level 15 in Spellcasting
 89588 | Depths:3 | Killed Sojobo
 89942 | Depths:3 | Reached skill level 5 in Necromancy
 90049 | Depths:3 | Found a gateway to a ziggurat.
 90250 | Depths:3 | Found a one-way gate to the infinite horrors of the Abyss.
 90410 | Depths:3 | Reached skill level 10 in Dodging
 90562 | Depths:3 | Noticed Frederick
 90565 | Depths:3 | Killed Frederick
 90590 | Depths:3 | Reached skill level 5 in Transmutations
 90797 | Depths:3 | Found a deep blue altar of Sif Muna.
 90842 | Depths:3 | Got a coiled emerald amulet
 90843 | Depths:3 | Identified the amulet "Mial" {RegenMP Str+4 SInv} (You found it on level 3 of the Depths)
 90848 | Depths:3 | Identified a +6 rod of shadows (10/10) (You found it on level 3 of the Depths)
 91348 | Depths:3 | Reached XP level 24. HP: 178/195 MP: 2/42
 92972 | Depths:5 | Entered Level 5 of the Depths
 95015 | Depths:5 | Found an opulent altar of Gozag.
 95198 | Depths:5 | Found a gate to the Realm of Zot.
 95459 | Depths:5 | Got a transparent trident {pain}
 95460 | Depths:5 | Identified the +1 trident "Piolal" {pain, Str+4} (You took it off a vampire mage on level 5 of the Depths)
 96056 | Depths:5 | Reached XP level 25. HP: 207/207 MP: 43/43
 96842 | Vaults:5 | Entered Level 5 of the Vaults
 96847 | Vaults:5 | Reached skill level 10 in Necromancy
 97248 | Vaults:4 | Reached skill level 10 in Transmutations
 98254 | Vaults:5 | Reached skill level 10 in Fighting
 98490 | Vaults:4 | Reached XP level 26. HP: 220/220 MP: 38/43
 98819 | Vaults:5 | Got an uncursed iridescent dagger {elec}
 98822 | Vaults:5 | Got an ichor-stained broad axe {elec}
 98823 | Vaults:5 | Identified the +3 dagger of Context {elec, rF- Int+4} (You took it off a vault warden on level 5 of the Vaults)
 98824 | Vaults:5 | Identified the +9 broad axe "Qoanat" {elec, Fragile Int+3 SInv} (You took it off a vault sentinel on level 5 of the Vaults)
 98852 | Vaults:5 | Found Nuehusch's Food Shop.
 99012 | Vaults:5 | Found Yfyoxuecs's Magic Scroll Shoppe.
 99026 | Vaults:5 | Found Kuosy's Food Boutique.
 99027 | Vaults:5 | Bought a scroll of acquirement for 988 gold pieces
 99186 | Vaults:5 | Got a slimy scythe {slice}
 99287 | Vaults:5 | Got a silver rune of Zot
 99569 | Vaults:5 | Got a smoking shortbow
 99580 | Vaults:5 | Got a pair of fine gloves
 99591 | Vaults:5 | Identified the +2 pair of gloves of Saffom {rC+ MR+ Int-3 Stlth+} (You found it on level 5 of the Vaults)
100391 | Vaults:5 | Got a transparent war axe {protect}
100617 | Vaults:5 | Got an ichor-stained hat
100628 | Vaults:5 | Identified the +2 hat "Niudeff" {rF+ rC+} (You found it on level 5 of the Vaults)
100793 | Vaults:5 | Found Avuafo's Food Shoppe.
100793 | Vaults:5 | Found Roiwun's Food Boutique.
100803 | Vaults:5 | Found Binwur's Magic Scroll Emporium.
100830 | Vaults:5 | Found Efyfido's Distillery.
100830 | Vaults:5 | Found Epteful's Magic Scroll Emporium.
101085 | Crypt:1  | Entered Level 1 of the Crypt
101128 | Crypt:1  | Identified the +9 war axe of Understanding {protect, rElec rF+ Dex+3} (You took it off a deep elf demonologist on level 5 of the Vaults)
102920 | Crypt:2  | Noticed Jory
102925 | Crypt:2  | Killed Jory
103174 | Crypt:3  | Entered Level 3 of the Crypt
103734 | Crypt:3  | Noticed an ancient lich
103740 | Crypt:3  | Killed an ancient lich
103796 | Crypt:3  | Got a twitching turquoise ring
103797 | Crypt:3  | Identified the ring of the Present {Wiz MR++ Int+3} (You found it on level 3 of the Crypt)
103822 | Crypt:3  | Got a steaming plate armour
103823 | Crypt:3  | Identified the +3 plate armour "Emosky" {MR+ Str+7} (You found it on level 3 of the Crypt)
103825 | Crypt:3  | Got a transparent hand crossbow
103826 | Crypt:3  | Identified the +5 hand crossbow of the Evil Eye {flame, rC+ Str+3 Dex-4} (You found it on level 3 of the Crypt)
103879 | Crypt:3  | Learned a level 9 spell: Fire Storm
103886 | Crypt:3  | Learned a level 6 spell: Darkness
104015 | Crypt:3  | Found an ancient bone altar of Kikubaaqudgha.
104377 | Crypt:3  | Reached skill level 15 in Necromancy
104662 | Crypt:3  | Found a staircase to the Tomb.
105383 | Lair:1   | Learned a level 5 spell: Yara's Violent Unravelling
105820 | D:15     | Reached XP level 27. HP: 229/229 MP: 37/44
106378 | Zot:1    | Entered Level 1 of the Realm of Zot
106410 | Zot:1    | Reached skill level 1 in Fire Magic
107595 | Zot:2    | Found a shimmering altar of Xom.
107867 | Zot:2    | Upgraded the game from 0.19.3-4-gbf9329e to 0.19.4
107945 | Zot:2    | Reached skill level 5 in Fire Magic
109415 | Zot:4    | Got an ichor-stained plate armour
109553 | Zot:4    | Gained mutation: You are surrounded by a mild repulsion field. (EV +2) [potion of beneficial mutation]
109564 | Zot:3    | Identified the +6 plate armour of Melancholy {rF+++ rC+ Str+4 Slay-3} (You found it on level 4 of the Realm of Zot)
109685 | Zot:4    | Identified the Compendium of the Blaze and Attacks
110440 | Slime:1  | Entered Level 1 of the Pits of Slime
110939 | Tomb:1   | Entered Level 1 of the Tomb of the Ancients
111456 | Tomb:1   | Noticed a greater mummy
111460 | Tomb:1   | Noticed a greater mummy
111460 | Tomb:1   | Noticed a greater mummy
111463 | Tomb:1   | Noticed a greater mummy
111464 | Tomb:1   | Noticed a greater mummy
111467 | Tomb:1   | Noticed a greater mummy
111468 | Tomb:1   | Noticed a greater mummy
111468 | Tomb:1   | Noticed a greater mummy
111471 | Tomb:1   | Noticed a greater mummy
111471 | Tomb:1   | Noticed a greater mummy
111472 | Tomb:1   | Noticed a greater mummy
111473 | Tomb:1   | Noticed a greater mummy
111473 | Tomb:1   | Noticed a greater mummy
111474 | Tomb:1   | Noticed a greater mummy
111474 | Tomb:1   | Killed a greater mummy
111474 | Tomb:1   | Killed a greater mummy
111474 | Tomb:1   | Killed a greater mummy
111474 | Tomb:1   | Killed a greater mummy
111474 | Tomb:1   | Killed a greater mummy
111475 | Tomb:1   | Noticed a greater mummy
111476 | Tomb:1   | Noticed a greater mummy
111476 | Tomb:1   | Noticed a greater mummy
111479 | Tomb:1   | Noticed a greater mummy
111745 | Tomb:1   | Killed a greater mummy
111745 | Tomb:1   | Reached skill level 10 in Fire Magic
111812 | Tomb:1   | Noticed a greater mummy
111817 | Tomb:1   | Killed a greater mummy
111818 | Tomb:1   | Killed a greater mummy
111829 | Tomb:1   | Noticed a greater mummy
111866 | Tomb:1   | Noticed a greater mummy
111866 | Tomb:1   | Killed a greater mummy
111867 | Tomb:1   | Killed a greater mummy
111879 | Tomb:1   | Noticed a greater mummy
112348 | Depths:3 | Voluntarily entered the Abyss.
112421 | Abyss:1  | Found a bloodstained altar of Trog.
112445 | Abyss:2  | Found a corrupted altar of Lugonu.
112450 | Abyss:2  | Found a corrupted altar of Lugonu.
112620 | Abyss:2  | Reached skill level 15 in Dodging
112674 | Abyss:3  | Found a corrupted altar of Lugonu.
113768 | Abyss:4  | Got an abyssal rune of Zot
114540 | Abyss:5  | Entered Level 5 of the Abyss
114772 | Depths:3 | Escaped the Abyss
115088 | Lair:1   | Learned a level 1 spell: Apportation
115093 | Lair:1   | Learned a level 4 spell: Passage of Golubria
115380 | Slime:3  | Reached skill level 27 in Evocations
115477 | Slime:5  | Entered Level 5 of the Pits of Slime
115591 | Slime:5  | Noticed the Royal Jelly
115597 | Slime:5  | Killed the Royal Jelly
115757 | Slime:5  | Got a polished long sword
115792 | Slime:5  | Got a heavily jewelled robe
115794 | Slime:5  | Got a slimy rune of Zot
115841 | Slime:5  | Got a twisted short sword
115856 | Slime:5  | Got a pitted scale mail
116044 | Lair:1   | Identified the +1 robe of Ashenzari's Generosity {+Inv rF++} (You found it on level 5 of the Pits of Slime)
116054 | Lair:1   | Identified the +1 scale mail "Tirchif" {+Blink rC+++ rN+ Int-5} (You found it on level 5 of the Pits of Slime)
116103 | Lair:1   | Identified the cursed +3 long sword "Itteapnu" {antimagic, rF+ rC+} (You found it on level 5 of the Pits of Slime)
116104 | Lair:1   | Identified the cursed +1 short sword of Mutilation {pierce, rPois rC+ rN+} (You found it on level 5 of the Pits of Slime)
116143 | Lair:1   | Learned a level 9 spell: Glaciate
116575 | Zig:1    | Entered Level 1 of a ziggurat
116576 | Zig:1    | Noticed Qinwetis the pandemonium lord
116584 | Zig:1    | Killed Qinwetis the pandemonium lord
116680 | Zig:2    | Entered Level 2 of a ziggurat
116753 | Zig:3    | Entered Level 3 of a ziggurat
116842 | Zig:4    | Entered Level 4 of a ziggurat
116855 | Zig:4    | Got an iridescent flail
116899 | Zig:5    | Entered Level 5 of a ziggurat
116916 | Zig:5    | Got a fine diamond amulet
116929 | Zig:5    | Identified the amulet of Pumuam {Gourm rF+ rN+ Int+2 Slay+3} (You found it on level 5 of a ziggurat)
116930 | Zig:5    | Identified the cursed +1 flail "Guipsuq" {venom, Fragile rF++} (You found it on level 4 of a ziggurat)
116966 | Zig:6    | Entered Level 6 of a ziggurat
116974 | Zig:6    | Noticed an ancient lich
116977 | Zig:6    | Killed an ancient lich
117163 | Zig:7    | Entered Level 7 of a ziggurat
117175 | Zig:7    | Cast into level 2 of the Abyss (spatial maelstrom)
117253 | Zig:7    | Escaped the Abyss
117287 | Zig:8    | Entered Level 8 of a ziggurat
117307 | Zig:8    | Got an ancient falchion
117341 | Zig:9    | Entered Level 9 of a ziggurat
117399 | Zig:10   | Entered Level 10 of a ziggurat
117442 | Zig:10   | Got a smoking brass ring
117454 | Zig:10   | Got a ring of the Octopus King
117467 | Zig:10   | Identified the +5 falchion "Ofaitodd" {venom, *Drain rN+ Int+6} (You found it on level 8 of a ziggurat)
117473 | Zig:10   | Identified a ring of the Octopus King {AC+1 EV+1 Str+1 Int+1 Dex+1 SInv} (You found it on level 10 of a ziggurat)
117474 | Zig:10   | Identified the ring of Vampiric Thralls {-Tele rPois rF+++ Slay+3} (You found it on level 10 of a ziggurat)
117482 | Zig:11   | Entered Level 11 of a ziggurat
117514 | Zig:11   | Got a heavily runed diamond amulet
117516 | Zig:11   | Got a dazzling lajatang
117519 | Zig:11   | Got a faintly humming plate armour
117530 | Zig:11   | Identified the +7 plate armour "Akiefaen" {+Inv Str+2} (You found it on level 11 of a ziggurat)
117553 | Zig:12   | Entered Level 12 of a ziggurat
117564 | Zig:12   | Noticed Syoske Fobe the pandemonium lord
117587 | Zig:12   | Killed Syoske Fobe the pandemonium lord
117695 | Zig:12   | Got a crystal dagger
117719 | Zig:12   | Identified the cursed +1 dagger "Fimaoh" {chaos, Stlth+} (You found it on level 12 of a ziggurat)
117734 | Zig:13   | Entered Level 13 of a ziggurat
117767 | Zig:13   | Got a jewelled morningstar
117769 | Zig:13   | Got a smoking emerald amulet
117791 | Zig:13   | Identified the +8 morningstar of Vaschoqu {venom, *Slow rPois Int+4 Dex+5} (You found it on level 13 of a ziggurat)
117801 | Zig:13   | Identified the amulet of Dishonesty {Inacc rC+ MP+9 Str+4 Dex+4} (You found it on level 11 of a ziggurat)
117803 | Zig:13   | Identified the amulet "Zuthrurch" {rF+ rC+ Regen+ Dex+3} (You found it on level 13 of a ziggurat)
117808 | Zig:13   | Got an encrusted spear
117809 | Zig:13   | Identified the +3 spear "Xoafet" {freeze, +Blink rPois rC+ MP-9} (You found it on level 13 of a ziggurat)
117818 | Zig:13   | Gained mutation: You have a somewhat thin skeletal structure. (Dex +2, Stealth) [potion of beneficial mutation]
117819 | Zig:13   | Gained mutation: You can translocate small distances at will. [potion of beneficial mutation]
117820 | Zig:13   | Reached skill level 15 in Fire Magic
117859 | Zig:14   | Entered Level 14 of a ziggurat
117866 | Zig:14   | Noticed a greater mummy
117866 | Zig:14   | Noticed a greater mummy
117871 | Zig:14   | Noticed a greater mummy
117876 | Zig:14   | Killed a greater mummy
117876 | Zig:14   | Killed a greater mummy
117877 | Zig:14   | Killed a greater mummy
117940 | Zig:15   | Entered Level 15 of a ziggurat
117948 | Zig:15   | Noticed an ancient lich
117953 | Zig:15   | Killed an ancient lich
118046 | Zig:15   | Got a crystal dagger
118047 | Zig:15   | Identified the +8 dagger "Duihonn" {drain, -Tele +Rage rElec} (You found it on level 15 of a ziggurat)
118051 | Zig:15   | Got a pitted chain mail
118062 | Zig:15   | Identified the +10 chain mail of Hysteria {rPois rF+ rC+} (You found it on level 15 of a ziggurat)
118078 | Zig:15   | Got a brightly glowing granite ring
118148 | Zig:16   | Entered Level 16 of a ziggurat
118159 | Zig:16   | Noticed a greater mummy
118159 | Zig:16   | Noticed a greater mummy
118159 | Zig:16   | Noticed a greater mummy
118160 | Zig:16   | Noticed a greater mummy
118163 | Zig:16   | Noticed a greater mummy
118163 | Zig:16   | Killed a greater mummy
118164 | Zig:16   | Killed a greater mummy
118164 | Zig:16   | Killed a greater mummy
118165 | Zig:16   | Killed a greater mummy
118166 | Zig:16   | Killed a greater mummy
118197 | Zig:16   | Got a smoking helmet
118235 | Zig:16   | Got a clouded platinum ring
118237 | Zig:16   | Identified the cursed ring of Dobaytoo {+Inv rPois Str-3 Dex+4 SInv} (You found it on level 15 of a ziggurat)
118240 | Zig:16   | Identified the ring "Plog" {*Contam Str+4 Int+3 Slay+3 Stlth+} (You found it on level 16 of a ziggurat)
118251 | Zig:16   | Got a thick robe
118252 | Zig:16   | Identified the +0 robe of True Grit {Dex+3} (You found it on level 16 of a ziggurat)
118253 | Zig:16   | Identified the cursed -6 helmet "Ena Zep" {rN+} (You found it on level 16 of a ziggurat)
118532 | Zig:17   | Entered Level 17 of a ziggurat
118652 | Zig:17   | Got a translucent great mace
118695 | Zig:17   | Got a scorched rapier
118696 | Zig:17   | Identified the +5 rapier of Gozag's Supremacy {venom, *Contam +Blink rF+++ Int-3} (You found it on level 17 of a ziggurat)
118979 | Zig:18   | Entered Level 18 of a ziggurat
118993 | Zig:18   | Reached skill level 15 in Fighting
119103 | Zig:18   | Got a faintly glowing wooden ring
119105 | Zig:18   | Identified the ring "Sampulots" {rCorr rN+} (You found it on level 18 of a ziggurat)
119115 | Zig:19   | Entered Level 19 of a ziggurat
119215 | Zig:19   | Got distressingly furry mottled dragon scales
119226 | Zig:19   | Identified the +0 mottled dragon scales of Reason {rElec} (You found it on level 19 of a ziggurat)
119238 | Zig:19   | Got a jewelled dagger
119239 | Zig:19   | Identified the +0 dagger of Wozitsix {holy, Dex+8} (You found it on level 19 of a ziggurat)
119244 | Zig:19   | Got a warped silver ring
119246 | Zig:19   | Identified the ring of Tirimyxt {+Blink rPois} (You found it on level 19 of a ziggurat)
119256 | Zig:19   | Got a brightly glowing amethyst amulet
119258 | Zig:19   | Identified the amulet "Qojoza" {Harm *Drain rC+} (You found it on level 19 of a ziggurat)
119277 | Zig:19   | Got a sheer robe
119278 | Zig:19   | Identified the +1 robe of Lut Zeul {rC+ rCorr Int+2 Stlth+} (You found it on level 19 of a ziggurat)
119280 | Zig:19   | Got an iridescent hunting sling
119281 | Zig:19   | Identified the cursed +2 hunting sling of Exhibitionism {venom, MR+ Str+2} (You found it on level 19 of a ziggurat)
119327 | Zig:20   | Entered Level 20 of a ziggurat
119490 | Zig:21   | Entered Level 21 of a ziggurat
119584 | Zig:21   | Identified the Papyrus of Helpful Moulding
119667 | Zig:22   | Entered Level 22 of a ziggurat
119727 | Zig:22   | Got a pitted leather armour
119738 | Zig:22   | Identified the +4 leather armour of Kajeuq {Slay+2} (You found it on level 22 of a ziggurat)
119750 | Zig:22   | Got a jewelled great sword
119753 | Zig:22   | Got a smoking silver ring
119755 | Zig:22   | Identified the ring "Tugih" {*Tele rF+ Str+3 Int+2 SInv} (You found it on level 22 of a ziggurat)
119807 | Zig:23   | Entered Level 23 of a ziggurat
119818 | Zig:23   | Noticed an ancient lich
119818 | Zig:23   | Noticed an ancient lich
119819 | Zig:23   | Noticed an ancient lich
119819 | Zig:23   | Noticed an ancient lich
119820 | Zig:23   | Noticed an ancient lich
119821 | Zig:23   | Noticed an ancient lich
119823 | Zig:23   | Killed an ancient lich
119823 | Zig:23   | Killed an ancient lich
119823 | Zig:23   | Killed an ancient lich
119823 | Zig:23   | Killed an ancient lich
119824 | Zig:23   | Killed an ancient lich
119825 | Zig:23   | Killed an ancient lich
119870 | Zig:23   | Got a crystal rapier
119871 | Zig:23   | Identified the +5 rapier "Ekytum Uti" {pain, Str+2} (You found it on level 23 of a ziggurat)
119877 | Zig:23   | Got a smoking morningstar
119878 | Zig:23   | Identified the cursed +1 morningstar of the Coin {freeze, rC+ Str+5} (You found it on level 23 of a ziggurat)
119892 | Zig:23   | Got a crude chain mail
119903 | Zig:23   | Identified the cursed +1 chain mail of Inaction {rF+ Slay+3} (You found it on level 23 of a ziggurat)
119919 | Zig:23   | Got a polished plate armour
119930 | Zig:23   | Identified the +0 plate armour "Baelop" {rF+} (You found it on level 23 of a ziggurat)
119952 | Zig:24   | Entered Level 24 of a ziggurat
120027 | Zig:24   | Got a vibrating copper ring
120064 | Zig:24   | Identified the ring of Awueblan {rF+ Int+3} (You found it on level 24 of a ziggurat)
120068 | Zig:24   | Got a twisted short sword
120069 | Zig:24   | Identified the +5 short sword "Cusaph" {elec, rF- rN+ MR+ Int+4} (You found it on level 24 of a ziggurat)
120078 | Zig:24   | Got a dazzling hand crossbow
120079 | Zig:24   | Identified the +8 hand crossbow of Defiance {elec, rElec} (You found it on level 24 of a ziggurat)
120114 | Zig:24   | Got a faintly humming leather armour
120125 | Zig:24   | Identified the +1 leather armour of Jigsaw {MR+} (You found it on level 24 of a ziggurat)
120138 | Zig:24   | Got a transparent quarterstaff
120185 | Zig:25   | Entered Level 25 of a ziggurat
120264 | Zig:25   | Identified A Thorough Guide to Thaumaturgy
120274 | Zig:25   | Identified the Volume of Malediction and Feathers
120290 | Zig:25   | Got a brightly glowing morningstar
120291 | Zig:25   | Identified the +8 morningstar of Pride {venom, rPois rC+} (You found it on level 25 of a ziggurat)
120302 | Zig:25   | Identified the cursed +1 robe "Riczuif" {rPois rC- MR+ Int+5} (You found it on level 25 of a ziggurat)
120309 | Zig:25   | Got a bloodstained hand axe
120310 | Zig:25   | Identified the +1 hand axe of the Wheel {flame, rN+ Int+2} (You found it on level 25 of a ziggurat)
120392 | Zig:26   | Entered Level 26 of a ziggurat
120422 | Zig:26   | Identified Igumufer's Catalogue of Burning Transmutation
120447 | Zig:26   | Identified the Compendium of the Poisonous Entourage
120538 | Zig:27   | Entered Level 27 of a ziggurat
120642 | Zig:27   | Identified the Grimoire of Hexes and Flames
120643 | Zig:27   | Identified the Reference Book on Lucky Dislocation
120654 | Zig:27   | Identified the ring "Agruvid" {MP+9 Str+6} (You found it on level 27 of a ziggurat)
120683 | Zig:27   | Identified the Disquisition on the Venomous Arsonist
120687 | Zig:27   | Identified the Volume of Air
121517 | Tomb:1   | Killed a greater mummy
121518 | Tomb:1   | Killed a greater mummy
121535 | Tomb:1   | Killed a greater mummy
121535 | Tomb:1   | Killed a greater mummy
121556 | Tomb:1   | Noticed a greater mummy
121563 | Tomb:1   | Killed a greater mummy
121617 | Tomb:1   | Noticed a greater mummy
121617 | Tomb:1   | Noticed a greater mummy
121619 | Tomb:1   | Noticed a greater mummy
121620 | Tomb:1   | Killed a greater mummy
121620 | Tomb:1   | Killed a greater mummy
121621 | Tomb:1   | Killed a greater mummy
121646 | Tomb:1   | Noticed a greater mummy
121647 | Tomb:1   | Killed a greater mummy
121654 | Tomb:1   | Killed a greater mummy
122138 | Lair:1   | Learned a level 9 spell: Tornado
122603 | Tomb:1   | Killed a greater mummy
122606 | Tomb:1   | Noticed a greater mummy
122672 | Tomb:1   | Noticed a greater mummy
122680 | Tomb:1   | Killed a greater mummy
122687 | Tomb:1   | Killed a greater mummy
122690 | Tomb:1   | Noticed a greater mummy
122700 | Tomb:1   | Killed a greater mummy
122814 | Tomb:1   | Noticed a greater mummy
122820 | Tomb:1   | Killed a greater mummy
122886 | Tomb:1   | Noticed a greater mummy
122896 | Tomb:1   | Killed a greater mummy
122977 | Tomb:1   | Killed a greater mummy
123024 | Tomb:1   | Noticed a greater mummy
123027 | Tomb:1   | Killed a greater mummy
123054 | Tomb:1   | Noticed a greater mummy
123063 | Tomb:1   | Killed a greater mummy
123225 | Tomb:1   | Killed a greater mummy
123260 | Tomb:1   | Killed a greater mummy
123260 | Tomb:1   | Killed a greater mummy
123330 | Tomb:1   | Noticed a greater mummy
123333 | Tomb:1   | Killed a greater mummy
123567 | Tomb:1   | Killed a greater mummy
124441 | Zig:1    | Entered Level 1 of a ziggurat
124481 | Zig:2    | Entered Level 2 of a ziggurat
124522 | Zig:3    | Entered Level 3 of a ziggurat
124525 | Zig:3    | Reached skill level 1 in Air Magic
124536 | Zig:3    | Got an encrusted halberd
124569 | Zig:4    | Entered Level 4 of a ziggurat
124586 | Zig:4    | Got heavily runed storm dragon scales
124591 | Zig:4    | Identified Jenu's Handbook of Execration and Fire
124604 | Zig:4    | Identified the cursed +0 storm dragon scales "Cuqith" {rElec rC+} (You found it on level 4 of a ziggurat)
124624 | Zig:5    | Entered Level 5 of a ziggurat
124661 | Zig:6    | Entered Level 6 of a ziggurat
124715 | Zig:6    | Reached skill level 5 in Air Magic
124719 | Zig:7    | Entered Level 7 of a ziggurat
124728 | Zig:7    | Noticed Vutsuup the pandemonium lord
124731 | Zig:7    | Killed Vutsuup the pandemonium lord
124746 | Zig:7    | Got a serpentine glass ring
124779 | Zig:8    | Entered Level 8 of a ziggurat
124831 | Zig:8    | Got a flickering wooden ring
124846 | Zig:8    | Got a faintly glowing quarterstaff
124853 | Zig:8    | Identified the ring "Isus" {+Blink rN+ MR+ MP+9 AC+1} (You found it on level 8 of a ziggurat)
124854 | Zig:8    | Identified the ring "Rivieryrgh" {*Tele Int-4 Dex+6 Stlth+} (You found it on level 7 of a ziggurat)
124865 | Zig:9    | Entered Level 9 of a ziggurat
124897 | Zig:9    | Identified Doval's Disquisition on Mutagenic Attacks
124940 | Zig:10   | Entered Level 10 of a ziggurat
124991 | Zig:10   | Got a jewelled broad axe
125020 | Zig:10   | Got a steaming plate armour
125049 | Zig:11   | Entered Level 11 of a ziggurat
125063 | Zig:11   | Noticed Vuog the pandemonium lord
125066 | Zig:11   | Killed Vuog the pandemonium lord
125103 | Zig:11   | Got a pitted jade ring
125107 | Zig:11   | Got a shadowed robe
125140 | Zig:12   | Entered Level 12 of a ziggurat
125173 | Zig:12   | Got a brightly glowing ring mail
125212 | Zig:12   | Identified the ring "Keutik" {rElec MR+ Str+4 Int+2} (You found it on level 11 of a ziggurat)
125225 | Zig:12   | Identified the +1 ring mail "Heuto" {rN+ Int+4} (You found it on level 12 of a ziggurat)
125236 | Zig:12   | Identified the cursed +0 robe of the Moon {*Corrode Str+4 Stlth+} (You found it on level 11 of a ziggurat)
125259 | Zig:13   | Entered Level 13 of a ziggurat
125338 | Zig:13   | Got a scorched diamond amulet
125353 | Zig:13   | Reached skill level 10 in Air Magic
125356 | Zig:13   | Identified the amulet of Ungoafap {RegenMP Slay+3} (You found it on level 13 of a ziggurat)
125372 | Zig:14   | Entered Level 14 of a ziggurat
125411 | Zig:14   | Identified the Catalogue of Gliding Execration
125417 | Zig:14   | Identified the Incunabulum of Fetching Darkness
125424 | Zig:14   | Got a warped iron ring
125456 | Zig:14   | Identified the ring of Geletsukh {Fire rN+ Dex+3} (You found it on level 14 of a ziggurat)
125487 | Zig:15   | Entered Level 15 of a ziggurat
125529 | Zig:15   | Got a transparent pewter amulet
125533 | Zig:15   | Got a translucent ivory ring
125535 | Zig:15   | Got an ebony hunting sling
125538 | Zig:15   | Identified the amulet of Exhibitionism {Faith rPois rF+ Dex-4 Stlth+} (You found it on level 15 of a ziggurat)
125543 | Zig:15   | Identified the ring of Leptedall {*Slow MR+ Dex+4 Slay+2} (You found it on level 15 of a ziggurat)
125549 | Zig:15   | Got a faintly glowing long sword
125553 | Zig:15   | Got a bloodstained war axe
125571 | Zig:15   | Identified the +8 war axe of Inflation {antimagic, +Rage SInv} (You found it on level 15 of a ziggurat)
125572 | Zig:15   | Identified the cursed +0 long sword "Rirocwiv" {freeze, rElec rF- MP+9 Dex+6} (You found it on level 15 of a ziggurat)
125644 | Zig:16   | Entered Level 16 of a ziggurat
125658 | Zig:16   | Noticed a greater mummy
125660 | Zig:16   | Noticed a greater mummy
125660 | Zig:16   | Noticed a greater mummy
125662 | Zig:16   | Noticed a greater mummy
125662 | Zig:16   | Killed a greater mummy
125662 | Zig:16   | Killed a greater mummy
125663 | Zig:16   | Noticed a greater mummy
125665 | Zig:16   | Killed a greater mummy
125665 | Zig:16   | Killed a greater mummy
125666 | Zig:16   | Killed a greater mummy
125681 | Zig:16   | Noticed a greater mummy
125691 | Zig:16   | Killed a greater mummy
125778 | Zig:16   | Got a wavering copper amulet
125780 | Zig:16   | Identified the amulet "Xuraimuo" {Inacc -Tele Int+6} (You found it on level 16 of a ziggurat)
125788 | Zig:16   | Got a polished demon trident
125789 | Zig:16   | Identified the +10 demon trident of Arrival {pain, *Drain rC+ Dex+10} (You found it on level 16 of a ziggurat)
125792 | Zig:16   | Got a transparent plate armour
125797 | Zig:16   | Got a shimmering copper ring
125799 | Zig:16   | Identified the ring of Xyroum {+Blink rC- rN+ Str+2 Dex+8} (You found it on level 16 of a ziggurat)
125813 | Zig:16   | Identified the +4 plate armour "Quabif" {+Inv rN+ rCorr} (You found it on level 16 of a ziggurat)
125830 | Zig:17   | Entered Level 17 of a ziggurat
126026 | Zig:18   | Entered Level 18 of a ziggurat
126044 | Zig:18   | Reached skill level 15 in Air Magic
126047 | Zig:18   | Noticed a juggernaut
126052 | Zig:18   | Killed a juggernaut
126074 | Zig:18   | Got a fine golden ring
126076 | Zig:18   | Identified the ring "Bitom" {Fire Dex+2} (You found it on level 18 of a ziggurat)
126080 | Zig:18   | Got a vibrating brass ring
126081 | Zig:18   | Identified the ring of the Doge {*Tele Str+4} (You found it on level 18 of a ziggurat)
126086 | Zig:18   | Identified the Collected Works on Helpful Clay
126091 | Zig:18   | Got a brightly glowing ring mail
126102 | Zig:18   | Identified the +1 ring mail of Words of Power {rC+ Str+2} (You found it on level 18 of a ziggurat)
126115 | Zig:18   | Got a slimy dagger
126116 | Zig:18   | Identified the +11 dagger "Plog" {elec, rC+} (You found it on level 18 of a ziggurat)
126119 | Zig:18   | Got a creamy pearl robe
126130 | Zig:18   | Identified the cursed +0 robe of Xom's Favour {*Contam rElec Str+7} (You found it on level 18 of a ziggurat)
126142 | Zig:18   | Identified the Reference Book on Doomed Conjuration
126233 | Zig:18   | Gained mutation: You are weak. (Str -2) [mutagenic glow]
126260 | Zig:19   | Entered Level 19 of a ziggurat
126272 | Zig:19   | Noticed a juggernaut
126281 | Zig:19   | Killed a juggernaut
126288 | Zig:19   | Goblin1989: привет, рени
126288 | Zig:19   | ReniFell: q
126288 | Zig:19   | ReniFell: kak ono
126288 | Zig:19   | Goblin1989: секундочку подожди, я перезайду
126288 | Zig:19   | Goblin1989: патти - говно
126294 | Zig:19   | Got a glittering turquoise ring
126296 | Zig:19   | Got a warped chain mail
126324 | Zig:19   | Identified the ring of Xom's Capriciousness {Fire MR+ Dex+3} (You found it on level 19 of a ziggurat)
126329 | Zig:19   | Got a translucent amber ring
126331 | Zig:19   | Identified the ring "Nemmupom" {rPois Dex-4 Slay-5 SInv Stlth+} (You found it on level 19 of a ziggurat)
126332 | Zig:19   | ReniFell: nu i govno
126335 | Zig:19   | Goblin1989: ты про что?
126351 | Zig:19   | ReniFell: >>>>dex-4 slay-5
126352 | Zig:19   | Goblin1989: да тут 99% вещей - говно
126352 | Zig:19   | Goblin1989: но иногда попадается что-то стоящее
126362 | Zig:19   | Identified the +3 chain mail of Circular Logic {rN++ Dex-5} (You found it on level 19 of a ziggurat)
126377 | Zig:19   | Got a dazzling halberd
126479 | Zig:20   | Entered Level 20 of a ziggurat
126505 | Zig:20   | Noticed an ancient lich
126518 | Zig:20   | Noticed an ancient lich
126519 | Zig:20   | Killed an ancient lich
126525 | Zig:20   | Killed an ancient lich
126578 | Zig:20   | Got a crystal shortbow
126590 | Zig:20   | Got a clouded bone amulet
126591 | Zig:20   | Identified the amulet "Xicifo" {Reflect +Fly rElec rPois Dex+4 Slay+3 SH+3} (You found it on level 20 of a ziggurat)
126613 | Zig:20   | Identified the Guide on Stolen Souls and Cold
126712 | Zig:21   | Entered Level 21 of a ziggurat
126730 | Zig:21   | Noticed Weisick the pandemonium lord
126739 | Zig:21   | ReniFell: eeboot
126743 | Zig:21   | ReniFell: FIREWORKS
126758 | Zig:21   | Slain by an Executioner

Skill      XL: |  1  2  3  4  5  6  7  8  9 10 11 12 13 14 15 16 17 18 19 20 21 22 23 24 25 26 27 |
---------------+----------------------------------------------------------------------------------+-----
Spellcasting   | 2 3 4 6 7 8 9 10 11 12 13 14 15 16 17 22 | 22.9
Earth Magic    | 5 6 7 8 10 13 15 16 17 18 20 21 22 23 25 26 27 | 27.0
Conjurations   | 1 2 3 4 5 8 9 10 11 12 13 14 15 16 24 | 24.8
Evocations     | 1 2 4 5 8 9 10 11 12 14 16 18 19 21 22 23 24 25 27 | 27.0
Shields        | 3 4 6 8 9 11 12 13 14 15 | 15.0
Armour         | 3 4 |  4.0
Dodging        | 4 5 6 8 10 11 12 23 | 23.8
Invocations    | 3 |  3.0
Fighting       | 2 3 6 7 8 10 20 | 20.5
Transmutations | 2 5 8 10 13 | 13.8
Necromancy     | 2 5 9 12 15 | 15.9
Fire Magic     | 23 | 23.5
Air Magic      | 17 | 17.4
Stealth        | |  2.4

Action                   |  1- 3 |  4- 6 |  7- 9 | 10-12 | 13-15 | 16-18 | 19-21 | 22-24 | 25-27 || total
-------------------------+-------+-------+-------+-------+-------+-------+-------+-------+-------++-------
Melee: Unarmed           |     8 |       |       |       |     1 |       |       |       |       ||     9
       Dagger            |       |       |     8 |    40 |    68 |       |       |       |       ||   116
       Falchion          |       |       |       |       |       |    10 |       |     4 |    18 ||    32
       Spear             |       |       |       |       |       |       |     1 |       |       ||     1
Throw: Stone             |       |    14 |     4 |     3 |       |       |       |       |       ||    21
 Cast: Sandblast         |    65 |    75 |   118 |    79 |   225 |   171 |    35 |       |       ||   768
       Stone Arrow       |       |     8 |    29 |   273 |   770 |   827 |   384 |       |       ||  2291
       Lee's Rapid Decon |       |       |       |    43 |   106 |   106 |   236 |    22 |     3 ||   516
       Petrify           |       |       |       |     1 |       |     2 |     3 |       |       ||     6
       Repel Missiles    |       |       |       |       |     2 |     5 |     2 |       |       ||     9
       Passwall          |       |       |       |       |     1 |       |       |       |       ||     1
       Lehudib's Crystal |       |       |       |       |       |       |     8 |       |   129 ||   137
       Iron Shot         |       |       |       |       |       |       |    38 |   631 |  1149 ||  1818
       Shatter           |       |       |       |       |       |       |     3 |    32 |   288 ||   323
       Necromutation     |       |       |       |       |       |       |       |       |   150 ||   150
       Fire Storm        |       |       |       |       |       |       |       |       |   159 ||   159
       Passage of Golubr |       |       |       |       |       |       |       |       |     9 ||     9
       Yara's Violent Un |       |       |       |       |       |       |       |       |     1 ||     1
 Abil: Evoke Flight      |       |       |       |       |     1 |     2 |     3 |     1 |     1 ||     8
       End Transformatio |       |       |       |       |       |       |       |       |    15 ||    15
Evoke: Wand              |     2 |     1 |     8 |     8 |    51 |    51 |    26 |     3 |    12 ||   162
       Rod               |       |     3 |    18 |    24 |    31 |    34 |    17 |       |       ||   127
       Disc of storms    |       |       |       |       |    67 |   201 |   215 |    75 |    82 ||   640
       Lamp of fire      |       |       |       |       |     1 |     3 |     4 |     2 |     1 ||    11
       Phial of floods   |       |       |       |       |       |       |     3 |     2 |     2 ||     7
       Crystal ball of e |       |       |       |       |       |       |       |   149 |    18 ||   167
       Fan of gales      |       |       |       |       |       |       |       |     1 |     1 ||     2
       Phantom mirror    |       |       |       |       |       |       |       |     1 |       ||     1
       Staff of energy   |       |       |       |       |       |       |       |       |  3401 ||  3401
       Figurine of a zig |       |       |       |       |       |       |       |       |     1 ||     1
  Use: Scroll            |       |       |    13 |     9 |    20 |     6 |    10 |     6 |    66 ||   130
       Potion            |       |       |     3 |       |     3 |     3 |     8 |     7 |    35 ||    59
 Stab: Confused          |       |       |       |       |     1 |       |       |       |       ||     1
  Eat: Chunk             |     2 |    10 |    27 |    51 |    92 |    24 |    38 |    94 |    43 ||   381
       Pizza             |       |     1 |       |       |     5 |     1 |       |       |     2 ||     9
       Fruit             |       |       |     1 |     4 |     2 |     2 |     9 |       |    27 ||    45
       Meat ration       |       |       |       |     1 |       |     1 |     5 |       |    12 ||    19
       Royal jelly       |       |       |       |     1 |       |       |       |       |     1 ||     2
       Beef jerky        |       |       |       |       |     9 |     3 |     3 |       |     5 ||    20
       Bread ration      |       |       |       |       |       |    12 |     4 |       |     2 ||    18
Armor: Robe              |     6 |     8 |     2 |       |       |       |       |       |       ||    16
       Leather armour    |       |       |     9 |     2 |       |       |       |       |       ||    11
       Swamp dragon scal |       |       |       |    74 |   144 |       |       |       |       ||   218
       Steam dragon scal |       |       |       |       |   151 |   300 |   140 |   146 |   912 ||  1649
       Scale mail        |       |       |       |       |     1 |       |       |       |       ||     1
Dodge: Dodged            |    14 |    13 |    38 |   102 |   316 |   430 |   275 |   381 |  3456 ||  5025
       Deflected         |       |       |       |       |     9 |    11 |     8 |       |       ||    28
Block: Other             |       |       |     7 |    47 |       |       |       |       |       ||    54
       Buckler           |       |       |       |    33 |    82 |       |       |       |       ||   115
       Shield            |       |       |       |       |   395 |   799 |   435 |   348 |  2405 ||  4382
       Reflection        |       |       |       |       |     7 |    93 |   101 |       |    12 ||   213
       Rpst.: Falchion   |       |       |       |       |       |     2 |       |    58 |   236 ||   296

Vault maps used:
D:1:      lightli_iron_boxes, serial_curves, eino_curves_02, eino_curves_02,
          eino_curves_04, eino_curves_04, nemelex_diamond_rough_becter
D:2:      lemuel_doored_altar, minmay_octomino_e4, uniq_iyjb
D:3:      patterned_corridor
D:4:      marbit_many_paths, first_bread, uniq_natasha, uniq_duvessa,
          uniq_eustachio
D:5:      grunt_temple_overflow_bloody_war, nicolae_qazlal_style_of_elements,
          kennysheep_little_box, lemuel_round_altar, serial_bayou,
          serial_bayou_lake_a, serial_bayou_shore_b, serial_bayou_pond_e,
          serial_bayou_pond_b, serial_bayou_pond_c
D:7:      uniq_crazy_yiuf_cottage
D:8:      nicolae_overflow_hidden_temple, dpeg_lair_monsters, grunt_livestock,
          eino_jars, uniq_joseph
D:9:      lemuel_ice_statue, kennysheep_mini, led_sif_pool,
          lemuel_crystal_altar, overflow_temple_1_default, uniq_psyche
D:10:     kennysheep_orc_monster_closet_entryway
D:11:     serial_shops, nicolae_shop_temple_entry_statues_fountains,
          kennysheep_generic_room_15, uniq_urug, uniq_maurice
D:12:     uniq_sonja
D:13:     uniq_josephine
D:14:     david_vaults_4, grunt_decor_mini_mirrors
D:15:     gammafunk_enter_depths_forms, fedhas_altar_4
Lair:2:   beast_lair_carwin_large_1, small_statue_intersection
Lair:3:   minmay_swamp_entry_worms, grunt_megastairs_4
Lair:5:   slime_altar_1, small_statue_intersection
Lair:6:   grunt_lair_end_beastmaster, eino_small_chamber_without_monster,
          st_stairs_9, minmay_lair_oklob_bushes, serial_bayou_shore_b,
          grunt_megastairs_3
Swamp:1:  evilmike_swamp_ruin_house_3, infiniplex_staircase_pool_2
Swamp:2:  evilmike_swamp_ruin_house_1, swamp_pool1, wheals_swamp_sinkhole
Swamp:3:  nicolae_swamp_dense_foliage
Swamp:4:  swamp
Snake:1:  basic_altar
Snake:2:  serial_shops, shop
Snake:3:  nrook_guardian_serpent_ordinary, uniq_aizul
Snake:4:  snake_pit, grunt_ministairs_15, st_stairs_7, nicolae_snake_horde_hoard
Slime:2:  nicolae_slime_barrier
Slime:3:  nicolae_slime_phagocytosis
Slime:4:  cheibrodos_slime_lost_civilization_5
Orc:1:    basic_altar, serial_shops, nicolae_shop_trees
Orc:2:    st_orc_congregation, serial_shops, nicolae_shop_crystal,
          lab_entry_generic, basic_altar, portal_ice_cave_rime,
          statue_in_the_mist_lemuel
Elf:1:    eino_elf_arrival_the_gate, serial_shops, nicolae_shop_crystal,
          mu_enter_wizlab_1, hangedman_corner_corridor
Elf:2:    kb_rosetta, uniq_roxanne
Elf:3:    minmay_elf_hall_golems, basic_altar, serial_shops, shop_statue
Vaults:1: vaults_room_grunt_arrival_ludios, nicolae_vaults_circle_grid_a,
          v_misc_1, nicolae_vaults_little_squares_4,
          hangedman_vaults_stretched_pinwheel, nicolae_vaults_network_square,
          v_misc_12, ontoclasm_vaults_pinch, serial_shops, statue_bzr
Vaults:2: hangedman_vaults_hat, grunt_vaults_funnel,
          hangedman_vaults_restitches, grunt_vaults_hallway_short, serial_shops,
          shop
Vaults:3: nicolae_vaults_twisting_passages, grunt_vaults_hallway_long,
          nicolae_vaults_big_angled_halls, minmay_crypt_entry_vampire_xt,
          v_pattern_4, v_alt_pattern_5, nicolae_vaults_network_s,
          nicolae_vaults_network_quinsquares, ontoclasm_vaults_shuriken,
          vaults_room_stairs_pillars, vaults_dpeg_ring, serial_glass,
          uniq_margery, uniq_saint_roka
Vaults:4: v_misc_26, st_quartered_hall, vaults_dpeg_cross,
          nicolae_vaults_little_ls, nicolae_vaults_asterisk,
          vaults_room_stairs_pillars, nicolae_vaults_little_squares_5,
          vaults_dpeg_hooks, v_misc_24, v_misc_1,
          ontoclasm_vaults_claustrophobia, vaults_room_pools,
          vaults_room_octagon, uniq_mennas
Crypt:2:  serial_glass, glass_columns_a, glass_columns_b, glass_columns_c,
          glass_columns_b, glass_columns_b, glass_columns_c,
          minmay_misc_feat_ornament, skrybe_necro_troll_1, uniq_jory
Crypt:3:  evilmike_haunted_forest
Depths:1: hex_medium, grunt_hell_entry_dis_mu, pan_entry, kennysheep_cross_room,
          nrook_pool_corridor, st_stairs_14, aerie_lemuel
Depths:2: giant_chief_lemuel, hell_entry, rand_demon_pan_entry_9,
          minmay_staircase_windowed_small, uniq_mara, uniq_asterion
Depths:3: kennysheep_four_of_diamonds, enter_ziggurat_b, abyss_entry,
          minmay_misc_feat_plants, hell_entry, rand_demon_pan_entry_4,
          hangedman_summoners_spam, uniq_frederick, uniq_sojobo
Depths:4: lemuel_river_lethe, serial_shops, abyss_entry, hell_entry
Depths:5: grunt_zot_entry_bicorn, old_standard_altar, pf_hell_entry_tar_spiral
Zot:1:    grunt_zot_stairs_faceoff, grunt_megastairs_2
Zot:2:    basic_altar
Zot:3:    guppyfry_library_mini
Zot:4:    hangedman_zot_vaults_quadrants
Abyss:2:  abyss_furniture_001, bh_abyss_exit_grid, abyss_exit_lava
Abyss:3:  evilmike_abyss_exit_11, hangedman_abyss_or_decor_lesser_grid,
          abyss_exit_lava
Abyss:4:  evilmike_abyss_exit_12, minivault_5
Abyss:5:  evilmike_abyss_exit_8, minivault_22, hangedman_eye_storm
Zig:12:   ziggurat_pillar_centre_c
Zig:15:   ziggurat_pillar_centre_dead_trees
Zig:16:   ziggurat_pillar_centre_smoke
Zig:17:   ziggurat_pillar_centre_oklobs
Zig:24:   ziggurat_pillar_centre_more_plants
Zig:25:   ziggurat_pillar_centre_drop
Lab:      labyrinth_hidden_loot, nicolae_lab_quarters
IceCv:    ice_cave_small_dragons
WizLab:   wizlab_lehudib
